| TOP OF THE 1ST |
|
Arkansas Travelers batting - Pitching for Shreveport Braves : RHP Gary Hilton
|
|
Pitching: RHP Gary Hilton
|
|
|
Batting: RHB Randy Milligan
|
0-0: Fly out, F9 (Line Drive, 9, EV 106.3 MPH)
|
|
Batting: RHB Michael Strawberry
|
0-0: Foul Ball, location: 2F 0-1: Swinging Strike 0-2: Foul Ball, location: 2F 0-2: Strikes out swinging
|
|
Batting: SHB Bobby Bonilla
|
0-0: Called Strike 0-1: Ball 1-1: Fly out, F8 (Flyball, 78D, EV 93.1 MPH)
|
| Top of the 1st over - 0 runs, 0 hits, 0 errors, 0 left on base; Arkansas 0 - Shreveport 0 |
| BOTTOM OF THE 1ST |
|
Shreveport Braves batting - Pitching for Arkansas Travelers : LHP Curt Young
|
|
Pitching: LHP Curt Young
|
|
|
Batting: RHB Jeff Matthews
|
0-0: Ball 1-0: Ground out 6-3 (Groundball, 6, EV 100.0 MPH)
|
|
Batting: LHB Robert Loscalzo
|
0-0: Called Strike 0-1: Ball 1-1: Called Strike 1-2: Fly out, F3 (Flyball, 3D, EV 91.9 MPH)
|
|
Batting: SHB Sap Randall
|
0-0: Ball 1-0: Ball 2-0: Ball 3-0: Base on Balls
|
|
Batting: RHB Alfonso Gomez
|
0-0: Called Strike 0-1: Fly out, F7 (Flyball, 7S, EV 73.8 MPH)
|
| Bottom of the 1st over - 0 runs, 0 hits, 0 errors, 1 left on base; Arkansas 0 - Shreveport 0 |
| TOP OF THE 2ND |
|
Arkansas Travelers batting - Pitching for Shreveport Braves : RHP Gary Hilton
|
|
Batting: LHB Dave Magadan
|
0-0: Ball 1-0: Swinging Strike 1-1: Ball 2-1: Called Strike 2-2: Ball 3-2: Strikes out looking
|
|
Batting: RHB Denny Gonzalez
|
0-0: Called Strike 0-1: Foul Ball, location: 2F 0-2: Fly out, F5 (Line Drive, 5, EV 66.3 MPH)
|
|
Batting: RHB Kenneth Foster
|
0-0: Ball 1-0: SOLO HOME RUN (Flyball, 7LD, EV 90.0 MPH), Distance : 351 ft
|
|
Batting: LHB Jesus Marinez
|
0-0: Ball 1-0: Ball 2-0: Foul Ball, location: 2F 2-1: Ball 3-1: Swinging Strike 3-2: Base on Balls
|
|
Batting: RHB Greg Gagne
|
0-0: Ball 1-0: Foul Ball, location: 2F 1-1: Foul Ball, location: 2F 1-2: Strikes out swinging
|
| Top of the 2nd over - 1 run, 1 hit, 0 errors, 1 left on base; Arkansas 1 - Shreveport 0 |
| BOTTOM OF THE 2ND |
|
Shreveport Braves batting - Pitching for Arkansas Travelers : LHP Curt Young
|
|
Batting: LHB Tracy Dophied
|
0-0: Ball 1-0: Ball 2-0: Ball 3-0: Base on Balls
|
|
Batting: RHB Thomas Popovich
|
0-0: Ball 1-0: Ball Passed Ball! Tracy Dophied to second 2-0: Ground out U3 (Groundball, 3, EV 82.5 MPH) Tracy Dophied to third
|
|
Batting: LHB Ronald Walker
|
0-0: Ball 1-0: Ground out 5-3 (Groundball, 56, EV 86.3 MPH) Tracy Dophied scores
|
|
Batting: RHB Therron Harper
|
0-0: SINGLE (Line Drive, 7S, EV 88.8 MPH)
|
|
Batting: SHB Michael Lessard
|
0-0: Ball 1-0: Ball 2-0: Ball 3-0: Base on Balls Therron Harper to second
|
|
Batting: RHB Jeff Matthews
|
0-0: Foul Ball, location: 2F 0-1: Ball 1-1: Foul Ball, location: 2F 1-2: Ball 2-2: Foul Ball, location: 2F 2-2: Ball 3-2: TRIPLE (Line Drive, 78XD, EV 103.8 MPH) Therron Harper scores Michael Lessard scores
|
|
Batting: LHB Robert Loscalzo
|
0-0: Called Strike 0-1: Foul Ball, location: 2F 0-2: Ball 1-2: Ball 2-2: Foul Ball, location: 2F 2-2: Foul Ball, location: 2F 2-2: Ground out 3-1 (Groundball, 34S, EV 81.9 MPH)
|
| Bottom of the 2nd over - 3 runs, 2 hits, 0 errors, 1 left on base; Arkansas 1 - Shreveport 3 |
| TOP OF THE 3RD |
|
Arkansas Travelers batting - Pitching for Shreveport Braves : RHP Gary Hilton
|
|
Batting: RHB Alex Duarte
|
0-0: Ball 1-0: Fly out, F8 (Flyball, 8LM, EV 76.9 MPH)
|
|
Batting: RHB Randy Milligan
|
0-0: Called Strike 0-1: Ball 1-1: Fly out, F9 (Flyball, 89D, EV 110.6 MPH)
|
|
Batting: RHB Michael Strawberry
|
0-0: Called Strike 0-1: Ball 1-1: Ball 2-1: Ball 3-1: Base on Balls
|
|
Batting: SHB Bobby Bonilla
|
0-0: 2-RUN HOME RUN (Flyball, 9D, EV 95.0 MPH), Distance : 371 ft
|
|
Batting: LHB Dave Magadan
|
0-0: Ground out 3-1 (Groundball, 34S, EV 66.9 MPH)
|
| Top of the 3rd over - 2 runs, 1 hit, 0 errors, 0 left on base; Arkansas 3 - Shreveport 3 |
| BOTTOM OF THE 3RD |
|
Shreveport Braves batting - Pitching for Arkansas Travelers : LHP Curt Young
|
|
Batting: SHB Sap Randall
|
0-0: Called Strike 0-1: Ball 1-1: Ball 2-1: Ball 3-1: Fly out, F7 (Flyball, 7D, EV 95.0 MPH)
|
|
Batting: RHB Alfonso Gomez
|
0-0: Fly out, F4 (Flyball, 34D, EV 74.4 MPH)
|
|
Batting: LHB Tracy Dophied
|
0-0: Fly out, F9 (Flyball, 8RM, EV 92.5 MPH)
|
| Bottom of the 3rd over - 0 runs, 0 hits, 0 errors, 0 left on base; Arkansas 3 - Shreveport 3 |
| TOP OF THE 4TH |
|
Arkansas Travelers batting - Pitching for Shreveport Braves : RHP Gary Hilton
|
|
Batting: RHB Denny Gonzalez
|
0-0: Called Strike 0-1: Ground out 1-3 (Groundball, 15S, EV 72.5 MPH)
|
|
Batting: RHB Kenneth Foster
|
0-0: Called Strike 0-1: Ball 1-1: Foul Ball, location: 2F 1-2: Fly out, F8 (Flyball, 8LM, EV 95.6 MPH)
|
|
Batting: LHB Jesus Marinez
|
0-0: Called Strike 0-1: Called Strike 0-2: Ball 1-2: Strikes out looking
|
| Top of the 4th over - 0 runs, 0 hits, 0 errors, 0 left on base; Arkansas 3 - Shreveport 3 |
| BOTTOM OF THE 4TH |
|
Shreveport Braves batting - Pitching for Arkansas Travelers : LHP Curt Young
|
|
Batting: RHB Thomas Popovich
|
0-0: Called Strike 0-1: Swinging Strike 0-2: SINGLE (Line Drive, 8RS, EV 110.0 MPH)
|
|
Batting: LHB Ronald Walker
|
0-0: Foul Ball, location: 2F 0-1: Ball 1-1: Ball 2-1: Fielders Choice at 2nd, 4-6 (Groundball, 34, EV 90.0 MPH)
|
|
Batting: RHB Therron Harper
|
0-0: Ball Ronald Walker is caught stealing 2nd base 2-4 1-0: Swinging Strike 1-1: Ball 2-1: Ball 3-1: Base on Balls
|
|
Batting: SHB Michael Lessard
|
0-0: Swinging Strike 0-1: Ball 1-1: Foul Ball, location: 2F 1-2: Ball 2-2: Fly out, F7 (Flyball, 7LM, EV 98.8 MPH)
|
| Bottom of the 4th over - 0 runs, 1 hit, 0 errors, 1 left on base; Arkansas 3 - Shreveport 3 |
| TOP OF THE 5TH |
|
Arkansas Travelers batting - Pitching for Shreveport Braves : RHP Gary Hilton
|
|
Batting: RHB Greg Gagne
|
0-0: Called Strike 0-1: Ball 1-1: Fly out, F3 (Popup, 3SF, EV 80.0 MPH)
|
|
Batting: RHB Alex Duarte
|
0-0: SINGLE (Groundball, 6MS, EV 71.9 MPH) (infield hit)
|
|
Batting: RHB Randy Milligan
|
0-0: Ball 1-0: Foul Ball, location: 2F 1-1: Ball 2-1: Foul Ball, location: 2F 2-2: Ball 3-2: Fly out, F9 (Flyball, 9LS, EV 78.8 MPH)
|
|
Batting: RHB Michael Strawberry
|
0-0: Ball 1-0: Called Strike 1-1: Ground out 4-3 (Groundball, 34, EV 89.4 MPH)
|
| Top of the 5th over - 0 runs, 1 hit, 0 errors, 1 left on base; Arkansas 3 - Shreveport 3 |
| BOTTOM OF THE 5TH |
|
Shreveport Braves batting - Pitching for Arkansas Travelers : LHP Curt Young
|
|
Batting: RHB Jeff Matthews
|
0-0: Ball 1-0: Ball 2-0: Called Strike 2-1: Ball 3-1: SINGLE (Flyball, 34D, EV 83.8 MPH)
|
|
Batting: LHB Robert Loscalzo
|
0-0: Swinging Strike 0-1: Ball 1-1: Ball 2-1: Fly out, F8 (Flyball, 8LM, EV 83.1 MPH)
|
|
Batting: SHB Sap Randall
|
0-0: Called Strike 0-1: Ball 1-1: Grounds into double play, 6-4-3 (Groundball, 6, EV 78.8 MPH)
|
| Bottom of the 5th over - 0 runs, 1 hit, 0 errors, 0 left on base; Arkansas 3 - Shreveport 3 |
| TOP OF THE 6TH |
|
Arkansas Travelers batting - Pitching for Shreveport Braves : RHP Gary Hilton
|
|
Batting: SHB Bobby Bonilla
|
0-0: Ball 1-0: Called Strike 1-1: Swinging Strike 1-2: Ball 2-2: Ground out 4-3 (Groundball, 34D, EV 108.8 MPH)
|
|
Batting: LHB Dave Magadan
|
0-0: Ball 1-0: Ball 2-0: Ball 3-0: Called Strike 3-1: Base on Balls
|
|
Batting: RHB Denny Gonzalez
|
0-0: Ball 1-0: Ball 2-0: Foul Ball, location: 2F 2-1: Ground out 3-1 (Groundball, 23, EV 84.4 MPH) Dave Magadan to second
|
|
Batting: RHB Kenneth Foster
|
0-0: Ball 1-0: Called Strike 1-1: Ball 2-1: DOUBLE (Flyball, 8RXD, EV 100.6 MPH) Dave Magadan scores
|
|
Batting: LHB Jesus Marinez
|
0-0: Called Strike 0-1: Ball 1-1: Foul Ball, location: 2F 1-2: Fly out, F2 (Popup, 2RF, EV 86.3 MPH)
|
| Top of the 6th over - 1 run, 1 hit, 0 errors, 1 left on base; Arkansas 4 - Shreveport 3 |
| BOTTOM OF THE 6TH |
|
Shreveport Braves batting - Pitching for Arkansas Travelers : LHP Curt Young
|
|
Batting: RHB Alfonso Gomez
|
0-0: Ball 1-0: Ball 2-0: Called Strike 2-1: Called Strike 2-2: Fly out, F8 (Flyball, 8LM, EV 85.6 MPH)
|
|
Batting: LHB Tracy Dophied
|
0-0: Foul Ball, location: 2F 0-1: Ball 1-1: Ball 2-1: Ball 3-1: Base on Balls
|
|
Batting: RHB Thomas Popovich
|
0-0: Called Strike 0-1: Ball 1-1: Ball 2-1: Foul Ball, location: 2F 2-2: Ball 3-2: Foul Ball, location: 2F 3-2: Strikes out swinging
|
|
Batting: LHB Ronald Walker
|
0-0: Called Strike 0-1: Foul Ball, location: 2F 0-2: Fly out, F8 (Flyball, 8RD, EV 91.9 MPH)
|
| Bottom of the 6th over - 0 runs, 0 hits, 0 errors, 1 left on base; Arkansas 4 - Shreveport 3 |
| TOP OF THE 7TH |
|
Arkansas Travelers batting - Pitching for Shreveport Braves : RHP Gary Hilton
|
|
Batting: RHB Greg Gagne
|
0-0: Swinging Strike 0-1: Ball 1-1: Swinging Strike 1-2: Strikes out looking
|
|
Batting: RHB Alex Duarte
|
0-0: Ball 1-0: Ball 2-0: Ball 3-0: Called Strike 3-1: SINGLE (Flyball, 3D, EV 88.1 MPH)
|
|
Batting: RHB Randy Milligan
|
0-0: Called Strike 0-1: Ball 1-1: Reached on error, E4 (Groundball, 34, EV 83.1 MPH) Alex Duarte to second
|
|
Batting: RHB Michael Strawberry
|
0-0: SINGLE (Groundball, 6MD, EV 108.1 MPH) Alex Duarte to third Randy Milligan to second Runner from 3rd tries for Home, SAFE, throw by CF to home
|
|
Pitching: RHP Jay Pettibone
|
|
|
Batting: SHB Bobby Bonilla
|
0-0: Foul Ball, location: 2F 0-1: Called Strike 0-2: Ball 1-2: Ball 2-2: Ball 3-2: Strikes out swinging
|
|
Batting: LHB Dave Magadan
|
0-0: Called Strike 0-1: Foul Ball, location: 2F 0-2: Fly out, F7 (Flyball, 7D, EV 81.3 MPH)
|
| Top of the 7th over - 1 run, 2 hits, 1 error, 2 left on base; Arkansas 5 - Shreveport 3 |
| BOTTOM OF THE 7TH |
|
Shreveport Braves batting - Pitching for Arkansas Travelers : LHP Curt Young
|
|
Batting: RHB Therron Harper
|
0-0: SINGLE (Groundball, 6D, EV 101.3 MPH)
|
|
Batting: SHB Michael Lessard
|
0-0: Ball 1-0: Foul Ball, location: 2F 1-1: Swinging Strike 1-2: Fly out, F7 (Line Drive, 7D, EV 95.6 MPH)
|
|
Batting: RHB Jeff Matthews
|
0-0: Ball 1-0: Fly out, F9 (Flyball, 9S, EV 85.6 MPH)
|
|
Batting: LHB Robert Loscalzo
|
0-0: Ball 1-0: Called Strike 1-1: Foul Ball, location: 2F 1-2: Strikes out swinging
|
| Bottom of the 7th over - 0 runs, 1 hit, 0 errors, 1 left on base; Arkansas 5 - Shreveport 3 |
| TOP OF THE 8TH |
|
Arkansas Travelers batting - Pitching for Shreveport Braves : RHP Jay Pettibone
|
|
Batting: RHB Denny Gonzalez
|
0-0: Called Strike 0-1: Ball 1-1: Fly out, F9 (Flyball, 89D, EV 100.0 MPH)
|
|
Batting: RHB Kenneth Foster
|
0-0: Swinging Strike 0-1: Ball 1-1: Foul Ball, location: 2F 1-2: Foul Ball, location: 2F 1-2: Ball 2-2: Ball 3-2: Strikes out swinging
|
|
Batting: LHB Jesus Marinez
|
0-0: Called Strike 0-1: Swinging Strike 0-2: Fly out, F6 (Popup, 15S, EV 75.6 MPH)
|
| Top of the 8th over - 0 runs, 0 hits, 0 errors, 0 left on base; Arkansas 5 - Shreveport 3 |
| BOTTOM OF THE 8TH |
|
Shreveport Braves batting - Pitching for Arkansas Travelers : LHP Curt Young
|
|
Batting: SHB Sap Randall
|
0-0: Ground out 6-3 (Groundball, 4M, EV 108.1 MPH)
|
|
Batting: RHB Alfonso Gomez
|
0-0: Called Strike 0-1: Called Strike 0-2: Ball 1-2: Ball 2-2: Fly out, F6 (Line Drive, 6, EV 66.3 MPH)
|
|
Batting: LHB Tracy Dophied
|
0-0: Ball 1-0: Ball 2-0: Ball 3-0: Foul Ball, location: 2F 3-1: Foul Ball, location: 2F 3-2: Fly out, F6 (Popup, 6S, EV 73.1 MPH)
|
| Bottom of the 8th over - 0 runs, 0 hits, 0 errors, 0 left on base; Arkansas 5 - Shreveport 3 |
| TOP OF THE 9TH |
|
Arkansas Travelers batting - Pitching for Shreveport Braves : RHP Jay Pettibone
|
|
Batting: RHB Greg Gagne
|
0-0: Called Strike 0-1: Foul Ball, location: 2F 0-2: Ball 1-2: Fly out, F7 (Flyball, 78M, EV 91.9 MPH)
|
|
Batting: RHB Alex Duarte
|
0-0: Foul Ball, location: 2F 0-1: Foul Ball, location: 2F 0-2: Fly out, F6 (Line Drive, 6, EV 68.1 MPH)
|
|
Batting: RHB Randy Milligan
|
0-0: Ground out 1-3 (Groundball, 13S, EV 65.0 MPH)
|
| Top of the 9th over - 0 runs, 0 hits, 0 errors, 0 left on base; Arkansas 5 - Shreveport 3 |
| BOTTOM OF THE 9TH |
|
Shreveport Braves batting - Pitching for Arkansas Travelers : LHP Curt Young
|
|
Pitching: LHP Claude Brodeur
|
|
|
Batting: RHB Thomas Popovich
|
0-0: Ball 1-0: Called Strike 1-1: Foul Ball, location: 2F 1-2: Ball 2-2: Strikes out swinging
|
|
Batting: LHB Ronald Walker
|
0-0: Ball 1-0: Foul Ball, location: 2F 1-1: Ground out U3 (Groundball, 3, EV 83.1 MPH)
|
|
Batting: RHB Therron Harper
|
0-0: Called Strike 0-1: Ball 1-1: Foul Ball, location: 2F 1-2: Fly out, F7 (Flyball, 7S, EV 84.4 MPH)
|
| Bottom of the 9th over - 0 runs, 0 hits, 0 errors, 0 left on base; Arkansas 5 - Shreveport 3 |
|